 Dungeon Sprint DCSS version 0.30-a0-989-g0d87f670db (webtiles) character file.

Game seed: 10607393302298586063

4741 BigDaddyOpFi the Severer (level 10, -4/103 HPs)
             Began as a Hill Orc Berserker on Apr 3, 2023.
             Was an Elder of Trog.
             Shot with an arrow by a spriggan rider (19 damage)
             ... in the Dungeon (Sprint IV: "Fedhas' Mad Dash").
             The game lasted 00:05:03 (6563 turns).

BigDaddyOpFi the Severer (Hill Orc Berserker)       Turns: 6563, Time: 00:05:04

Health: -4/103     AC:  4    Str: 32    XL:     10   Next: 46%
Magic:  10/10      EV: 17    Int:  5    God:    Trog [****..]
Gold:   165        SH:  0    Dex: 16    Spells: 9/9 levels left

rFire   . . .      SeeInvis .    n - +2 lajatang (spect)
rCold   . . .      Faith    .    (shield currently unavailable)
rNeg    . . .      Spirit   .    b - +1 animal skin
rPois   .          Reflect  .    (no helmet)
rElec   .          Rampage  .    (no cloak)
rCorr   +          NoTele   +    (no gloves)
Will    .....                    (no boots)
Stlth   +                        k - amulet of invisibility {+Inv}
HPRegen 0.37/turn                i - ring "Woli" {rCorr Str+7 Int-2 Dex+6}
MPRegen 0.12/turn                (no ring)

@: hasted, very quick
A: no striking features
a: Renounce Religion, Evoke Invisibility, Berserk, Trog's Hand, Brothers in Arms


You were in the Dungeon.
You worshipped Trog.
Trog was greatly pleased with you.
You visited 1 branch You collected 210 gold pieces.
You spent 45 gold pieces at shops.

Inventory:

Hand Weapons
 n - a +2 spectral lajatang (weapon)
Armour
 b - a +1 animal skin (worn)
Jewellery
 i - the ring "Woli" (left hand) {rCorr Str+7 Int-2 Dex+6}
   (You found it in the Dungeon)

   [ring of dexterity]

   Str:       It affects your strength (+7).
   Int:       It affects your intelligence (-2).
   Dex:       It affects your dexterity (+6).
   rCorr:     It protects you from acid and corrosion.
 k - the amulet of invisibility (around neck) {+Inv}
   (You found it in the Dungeon)

   [amulet of nothing]

   +Inv:      It lets you turn invisible.
Scrolls
 j - a scroll of identify
Potions
 a - a potion of attraction {unknown}
 f - 2 potions of magic
 g - a potion of berserk rage
Miscellaneous
 d - a phantom mirror
 m - a piece from Xom's chessboard (15/15)


   Skills:
 + Level 14.1 Fighting
 - Level 15.0(15.1) Axes
 + Level 2.4(8.6) Polearms
 + Level 12.8 Armour
 + Level 10.0 Dodging
 + Level 8.2 Evocations


You had 9 spell levels left.
You didn't know any spells.
Your spell library was empty.

Dungeon Overview and Level Annotations

Branches:
Dungeon (1/1)

Altars:
Cheibriados
Dithmenos
Elyvilon
Gozag
Hepliaklqana
Kikubaaqudgha
Makhleb
Nemelex Xobeh
Okawaru
Qazlal
Ru
Sif Muna
Trog
Uskayaw
Vehumet
Wu Jian
Xom
Yredelemnul
Zin
The Shining One
Beogh
Jiyva
Lugonu

Shops:
D *([**


Message History

a +0 quarterstaff; a +0 animal skin
There is a broken door here.
There is an open door here.
Okay, then.
You close the door.
There is an open door here.
There's nothing to close nearby.
You close the door.
You start resting.
You start resting.
HP restored.
You start waiting.
Done waiting.
You start waiting.
Done waiting.
You open the door.
There is an open door here.
There is an open door here.
The spriggan rider shouts!
The spriggan rider wields the +8 storm bow {elec, penet}.
You hear the crackle of electricity.
The spriggan rider shoots an arrow.
The arrow pierces through you!!!
There is an open door, spattered with blood here.
The spriggan rider shoots an arrow.
The arrow misses you.
There is an open door here.
The spriggan rider shoots an arrow.
The arrow pierces through you!!
You close the door.
You feel better.
A spriggan rider opens the door.
The spriggan rider shoots an arrow.
The arrow pierces through you!!
* * * LOW HITPOINT WARNING * * *
You are electrocuted!
* * * LOW HITPOINT WARNING * * *
Okay, then.
Blink to where?
Press: ? - help, Dir - move target
As you read the scroll of blinking, it crumbles to dust.
The spriggan rider shoots an arrow.
The arrow closely misses you.
You feel yourself speed up.
The spriggan rider shoots an arrow.
The arrow pierces through you!!
You die...

#################################
....#.....#.⌠._._._._.⌠.#.['...#.
....'.#.(.'.._._._._._..'.)#[..#.
....#.#...#..._._._._...#..###'##
########'##.._._._._._..#..##∩∩.'
......'...#._._._._._.⌠.#########
♣.....#...##################
..♣..######♣♣♣♣♣@.♣.###.i..+
'######..'......♣..♣##:.#).#
.'.......#♣..♣♣♣.♣).###.##'#
##.......#.♣♣.[♣.).♣'i..#♣.♣###
########## ############).i..# .
###..♣..♣....
..P.#####...♣......♣.
.iP..........♣.....∩.
..P...###############


You could see a spriggan rider.

Vanquished Creatures
  Agnes (D)
  A spriggan berserker (D)
  A spriggan druid (D)
  3 oklob plants (D)
  3 burning bushes (D)
  A queen bee (D)
  3 wandering mushrooms (D)
  3 scorpions (D)
  4 killer bees (D)
  5 oklob saplings (D)
  2 spriggans (D)
  A river rat (D)
  A rat (D)
  A ballistomycete spore (D)
30 creatures vanquished.

Vanquished Creatures (others)
  A bush (D)
  2 fungi (D)
3 creatures vanquished.

Grand Total: 33 creatures vanquished

Notes
Turn   | Place    | Note
-------+----------+-------------------------------------------
     0 | D        | BigDaddyOpFi the Hill Orc Berserker began the quest for the
                  | Orb.
     0 | D        | Reached XP level 1. HP: 19/19 MP: 1/1
    12 | D        | Reached XP level 2. HP: 28/28 MP: 2/2
    40 | D        | Noticed an oklob sapling
   251 | D        | Killed an oklob sapling
   251 | D        | Reached ** piety under Trog
   252 | D        | Reached skill level 5 in Fighting
   252 | D        | Reached skill level 5 in Axes
   252 | D        | Reached XP level 3. HP: 36/36 MP: 3/3
   454 | D        | Noticed a scorpion
   454 | D        | Found the amulet of invisibility {+Inv}
   460 | D        | Killed a scorpion
   461 | D        | Reached skill level 6 in Axes
   461 | D        | Reached skill level 5 in Armour
   461 | D        | Reached XP level 4. HP: 45/45 MP: 4/4
   531 | D        | Found an opulent altar of Gozag.
   531 | D        | Found a hazy altar of Hepliaklqana.
   531 | D        | Found a burning altar of Makhleb.
   531 | D        | Found a roughly hewn altar of Beogh.
   531 | D        | Found a sparkling altar of Nemelex Xobeh.
   531 | D        | Found a snail-covered altar of Cheibriados.
   531 | D        | Found a sacrificial altar of Ru.
   531 | D        | Found a shimmering blue altar of Sif Muna.
   531 | D        | Found a shimmering altar of Xom.
   531 | D        | Found a basalt altar of Yredelemnul.
   532 | D        | Found a viscous altar of Jiyva.
   532 | D        | Found a bloodstained altar of Trog.
   532 | D        | Found an ornate altar of the Wu Jian Council.
   532 | D        | Noticed an oklob sapling priest
   533 | D        | Found an iron altar of Okawaru.
   533 | D        | Found a shadowy altar of Dithmenos.
   533 | D        | Found a glowing silver altar of Zin.
   534 | D        | Found an ancient bone altar of Kikubaaqudgha.
   534 | D        | Found a hide-covered altar of Uskayaw.
   535 | D        | Found a stormy altar of Qazlal.
   535 | D        | Found a glowing golden altar of the Shining One.
   535 | D        | Found a white marble altar of Elyvilon.
   536 | D        | Found a radiant altar of Vehumet.
   536 | D        | Found a corrupted altar of Lugonu.
   544 | D        | Killed an oklob sapling priest
   545 | D        | Reached skill level 7 in Axes
   545 | D        | Reached XP level 5. HP: 37/52 MP: 5/5
  1343 | D        | Reached skill level 8 in Axes
  1903 | D        | Reached skill level 5 in Dodging
  1907 | D        | Reached *** piety under Trog
  1912 | D        | Reached skill level 9 in Axes
  1912 | D        | Reached XP level 6. HP: 50/62 MP: 6/6
  2088 | D        | Found Azufod's Weapon Shop.
  2088 | D        | Found Amixuin's General Store.
  2096 | D        | Bought a +0 war axe for 45 gold pieces
  2101 | D        | Noticed a burning bush
  2101 | D        | Noticed a wandering mushroom
  2103 | D        | Noticed a wandering mushroom
  2115 | D        | Killed a wandering mushroom
  2116 | D        | Reached skill level 10 in Axes
  2391 | D        | Reached XP level 7. HP: 70/70 MP: 7/7
  2709 | D        | Killed a burning bush
  2709 | D        | Reached **** piety under Trog
  2710 | D        | Reached skill level 10 in Fighting
  2710 | D        | Reached skill level 11 in Axes
  3005 | D        | Found Busousma's General Store.
  3005 | D        | Found Leirenut's Assorted Antiques.
  3381 | D        | Noticed a queen bee
  3389 | D        | Reached skill level 1 in Evocations
  3390 | D        | Reached XP level 8. HP: 81/81 MP: 8/8
  3399 | D        | Killed a queen bee
  3400 | D        | Reached skill level 12 in Axes
  3400 | D        | Reached skill level 10 in Armour
  3592 | D        | Noticed an oklob plant
  3602 | D        | Killed an oklob plant
  3785 | D        | Noticed a burning bush
  3789 | D        | Identified the ring "Woli" {rCorr Str+7 Int-2 Dex+6}
  3795 | D        | Killed a burning bush
  3795 | D        | Reached ***** piety under Trog
  3796 | D        | Reached skill level 13 in Axes
  3796 | D        | Reached XP level 9. HP: 90/90 MP: 9/9
  4031 | D        | Noticed a burning bush
  4031 | D        | Noticed an oklob plant
  4089 | D        | Noticed a wandering mushroom
  4402 | D        | Killed a burning bush
  4403 | D        | Reached skill level 5 in Evocations
  4689 | D        | Killed an oklob plant
  4853 | D        | Noticed a spriggan druid
  4862 | D        | Killed a spriggan druid
  4862 | D        | Received a gift from Trog
  4863 | D        | Reached skill level 14 in Axes
  5024 | D        | Noticed an oklob plant conjurer
  5029 | D        | Killed an oklob plant conjurer
  5804 | D        | Noticed Agnes
  5818 | D        | Killed Agnes
  5819 | D        | Reached skill level 15 in Axes
  5819 | D        | Reached XP level 10. HP: 58/102 MP: 10/10
  5987 | D        | Found Soustruot's Armour Emporium.
  5987 | D        | Noticed a spriggan berserker
  5992 | D        | Noticed a death yak
  5994 | D        | Killed a spriggan berserker
  5995 | D        | Reached skill level 10 in Dodging
  6144 | D        | Noticed a spriggan rider
  6563 | D        | Shot with an arrow by a spriggan rider

Illustrated notes

Levels and vault maps discovered:
D:        dungeon_sprint_fedhas [sprint_temple]

Skill      XL: |  1  2  3  4  5  6  7  8  9 10 |
---------------+-------------------------------+-----
Fighting       | 4 5 6 7 8 9 10 12 13 14 | 14.1
Armour         | 3 4 5 7 8 9 10 12 | 12.8
Dodging        | 2 3 4 5 6 7 8 9 10 | 10.0
Axes           | 5 6 7 9 10 11 13 15 | 15.0
Evocations     | 1 4 7 8 |  8.2
Polearms       | 2 |  2.4

Action                     |  1- 3 |  4- 6 |  7- 9 | 10-12 || total
---------------------------+-------+-------+-------+-------++-------
  Melee: Hand axe          |    11 |    21 |       |       ||    32
         War axe           |       |    10 |    90 |       ||   100
         Punch             |       |       |     2 |       ||     2
         Lajatang          |       |       |       |     4 ||     4
 Invoke: Berserk           |     3 |     5 |     9 |     1 ||    18
         Trog's Hand       |       |     1 |       |       ||     1
         Brothers in Arms  |       |       |       |     1 ||     1
Ability: Evoke Invisibilit |       |     3 |     2 |       ||     5
    Use: Scroll            |       |     1 |     2 |     1 ||     4
         Potion            |       |     1 |       |     2 ||     3
 Armour: Animal skin       |       |       |     1 |       ||     1
  Dodge: Dodged            |     3 |    24 |    35 |     3 ||    65

Table legend: (Time is in decaauts)
 A = Elapsed time spent in this place.
 B = Non-inter-level travel time spent in this place.
 C = Inter-level travel time spent in this place.
 D = Time resting spent in this place.
 E = Time spent auto-exploring this place.
 F = Levels seen in this place.
 G = Mean time per level.
                   A        B        C        D        E       F      G
               +--------+--------+--------+--------+--------+-----+--------+
         Total |   6697 |   6697 |      0 |   6183 |      0 |   1 | 6697.0 |
       Dungeon |   6697 |   6697 |      0 |   6183 |      0 |   1 | 6697.0 |
               +--------+--------+--------+--------+--------+-----+--------+

Top non-repeatable levels by time:
       D: 6697 daAuts
